 Dungeon Crawl Stone Soup version 0.23.2 (webtiles) character file.

Game seed: 5031264222048675458

48 redwoodhats the Skirmisher (level 4, -2/37 HPs)
             Began as a Formicid Chaos Knight on Apr 11, 2019.
             Was a Plaything of Xom.
             Slain by a worm (7 damage)
             ... on level 2 of the Dungeon on Apr 12, 2019.
             The game lasted 00:06:12 (893 turns).

redwoodhats the Skirmisher (Formicid Chaos Knight)   Turns: 893, Time: 00:06:14

Health: -2/37      AC:  5    Str: 17    XL:     4   Next: 0%
Magic:  4/4        EV: 11    Int: 11    God:    Xom [..*...]
Gold:   79         SH:  0    Dex: 11    Spells: 3/3 levels left

rFire    . . .     SeeInvis +   a - +0 hand axe (chaos)
rCold    . . .     Gourm    .   (no shield)
rNeg     . . .     Faith    .   b - +2 leather armour
rPois    .         Spirit   .   (helmet unavailable)
rElec    .         Reflect  .   (no cloak)
rCorr    .         Harm     .   (no gloves)
MR       .....                  (no boots)
Stlth    +.........             (no amulet)
HPRegen  0.12/turn              (no ring)
MPRegen  0.09/turn              (no ring)

@: no status effects
A: permanent stasis, dig shafts and tunnels, four strong arms, antennae 3
a: Dig, Shaft Self, Renounce Religion


You were on level 2 of the Dungeon.
You worshipped Xom.
You were a toy of Xom.
You were not hungry.

You visited 1 branch of the dungeon, and saw 2 of its levels.

You collected 79 gold pieces.

Inventory:

Hand Weapons
 a - a +0 hand axe of chaos (weapon)
Armour
 b - a +2 leather armour (worn)
Jewellery
 f - an uncursed ring of poison resistance {unknown}
Scrolls
 e - 2 scrolls of remove curse
 g - a scroll of amnesia
Potions
 d - a potion of degeneration {unknown}
 h - 2 potions of resistance
Comestibles
 c - a ration


   Skills:
 + Level 3.9 Fighting
 + Level 3.8 Axes
 + Level 2.5 Armour
 + Level 1.0 Dodging


You had 3 spell levels left.
You didn't know any spells.
Your spell library was empty.

Dungeon Overview and Level Annotations

Branches:
Dungeon (2/15)

Altars:


Innate Abilities, Weirdness & Mutations

You cannot be hasted, slowed, berserked, paralysed or teleported.
You can dig through walls and to a lower floor.
Your four strong arms can wield two-handed weapons with a shield.
You have a pair of large antennae on your head. (SInv)


Message History

You hit the kobold.
You kill the kobold!
You have reached level 4!
You feel stronger. The bat hits you but does no damage.
The bat barely misses you. The bat hits you but does no damage.
You closely miss the bat. The bat barely misses you. The bat barely misses you.
The bat hits you but does no damage. The worm bites you!
* * * LOW HITPOINT WARNING * * *
The bat closely misses you.
You hit the worm.
The worm suddenly stops moving!
The worm is lightly wounded.
You closely miss the bat.
The worm is no longer paralysed.
The bat hits you.
* * * LOW HITPOINT WARNING * * *
The worm bites you!
You die... "It was about time."

##. #.#..# #.##.# ## #..#
#.#..#.###.##.##...........
...........)..##.####..##.#
.......†....##.# #..# #
......##.##)...####..#
......................
#....(##.##.######...# {
#.........†......#...#
##....#.@w...##..#
#....#..##..# #
##.#..#..##..##
.........b......
.#.#..#..###.##.
#..#(.....# .# ...
......... . ..............
...####.#######


You could see a worm and a bat.

Vanquished Creatures
  An adder (D:2)
  A worm (D:2)
  4 leopard geckos
  5 bats
  2 giant cockroaches (D:1)
  6 goblins
  2 hobgoblins (D:2)
  3 kobolds
  A quokka (D:2)
  5 rats
30 creatures vanquished.

Notes
Turn   | Place    | Note
-------+----------+-------------------------------------------
     0 | D:1      | redwoodhats the Formicid Chaos Knight began the quest for
                  | the Orb.
     0 | D:1      | Reached XP level 1. HP: 18/18 MP: 1/1
   110 | D:1      | Reached XP level 2. HP: 19/24 MP: 2/2
   154 | D:1      | XOM: divination: magic mapping
   560 | D:1      | Reached XP level 3. HP: 27/29 MP: 3/3
   771 | D:2      | XOM: harmless Air miscast
   775 | D:2      | Reached skill level 1 in Dodging
   886 | D:2      | Reached XP level 4. HP: 13/37 MP: 4/4
   893 | D:2      | Slain by a worm

Skill      XL: |  1  2  3 |
---------------+----------+-----
Dodging        | 1 |  1.0
Fighting       | |  3.9
Axes           | |  3.8
Armour         | |  2.5

Action                   |  1- 3 |  4- 6 || total
-------------------------+-------+-------++-------
Melee: Hand axe          |    96 |     2 ||    98
 Abil: Dig               |     2 |       ||     2
  Use: Scroll            |     5 |       ||     5
       Potion            |     1 |       ||     1
 Stab: Confused          |     1 |       ||     1
Armor: Leather armour    |    49 |     3 ||    52
Dodge: Dodged            |    70 |     4 ||    74
